cohdb
Replays
Latest Replays
All Replays
Popular Replays
Top Player Replays
Match Explorer
How It Works
Community
CoH3 Stats
Reddit
Sign in to upload your games and track your stats! →
Sign in with Steam
Match 41245878
Unlisted
Match 41245878
Overview
Messages
Build Orders
End
Kettenkrad Recon Vehicle
Construct Infanterie Kompanie
MG 42 Machine Gun Team
Grenadier Squad
Construct Panzergrenadier Kompanie
251 Medium Carrier
Panzergrenadier Squad
Pak 40 Anti-tank Gun Team
Construct Panzer Kompanie
Stoßtruppen Squad
Sturmpanzer IV Brummbär
Panzer Officer Quarters
Alex
checki117
grapple.boi69
CPU - VERY EASY
RooRoolen
优势在我
Badass_Ben
Tharrats
0
0
Comments
sign in to comment!
No comments posted yet!